 Dungeon Crawl Stone Soup version 0.31-a0-233-g139696dc86 (webtiles) character file.

Game seed: 8366133115354026855

603 qw the Shooter (level 7, -3/59 HPs)
             Began as a Minotaur Hexslinger on July 9, 2023.
             Was a Follower of Okawaru.
             Slain by a two-headed ogre
             ... wielding a +0 giant spiked club
              (15 damage)
             ... on level 5 of the Dungeon.
             The game lasted 00:01:24 (3699 turns).

qw the Shooter (Minotaur Hexslinger)                Turns: 3699, Time: 00:01:25

Health: -3/59      AC:  8    Str: 13    XL:     7   Next: 18%
Magic:  5/7        EV: 13    Int: 10    God:    Okawaru [*.....]
Gold:   201        SH:  0    Dex: 14    Spells: 7/8 levels left

rFire   . . .        k - +0 shortbow
rCold   + . .        (shield currently unavailable)
rNeg    . . .        h - +0 ring mail
rPois   .            (helmet restricted)
rElec   .            (no cloak)
rCorr   .            j - +1 pair of gloves
SInv    .            (no boots)
Will    .....        (no amulet)
Stlth   ++           c - ring of protection from cold
HPRegen 0.29/turn    (no ring)
MPRegen 0.10/turn

%: no passive effects
@: heroic
A: horns 2, retaliatory headbutt
a: Renounce Religion, Heroism


You were on level 5 of the Dungeon.
You worshipped Okawaru.
Okawaru was aware of your devotion.
You visited 1 branch of the dungeon, and saw 5 of its levels.

You collected 201 gold pieces.


Innate Abilities, Weirdness & Mutations

You have a pair of horns on your head.
You reflexively headbutt those who attack you in melee.


   Skills:
 - Level 4.1(9.1) Fighting
 + Level 7.2(12.2) Ranged Weapons
 - Level 1.5(6.5) Armour
 - Level 2.1(7.1) Dodging
 - Level 1.0 Spellcasting
 - Level 2.0 Hexes
 + Level 2.1 Invocations


You had 7 spell levels left.
You knew the following spells:

 Your Spells              Type           Power      Damage    Failure   Level
a - Slow                  Hex            16%        N/A       28%         1

Your spell library contained the following spells:

 Spells                   Type           Power      Damage    Failure   Level
 Inner Flame              Hex/Fire       2%         N/A       78%         3
 Portal Projectile        Hex/Tloc       4%         N/A       78%         3
 Cause Fear               Hex            2%         N/A       96%         4

Inventory:

Hand Weapons
 k - a +0 shortbow (weapon)
Armour
 h - a +0 ring mail (worn)
 j - a +1 pair of gloves (worn)
Jewellery
 c - a ring of protection from cold (left hand)
 m - a ring of fire
Scrolls
 b - 2 scrolls of teleportation
 d - a scroll of butterflies {unknown}
 f - a scroll of enchant armour {unknown}
 i - a scroll of identify
Potions
 a - a potion of curing
 e - a potion of haste
 g - a potion of mutation {unknown}
 l - a potion of enlightenment {unknown}
 n - a potion of ambrosia {unknown}

Dungeon Overview and Level Annotations

Branches:
Dungeon (5/15)             Temple (0/1) D:5

Altars:
Hepliaklqana
Okawaru
Vehumet
Xom
Zin
The Shining One

Shops:
D:1 =

Annotations:
D:3 2 transporters


Message History

The ufetubus hits you but does no damage.
The ufetubus closely misses you.
The ufetubus hits you but does no damage.
The ufetubus barely misses you.
You shoot an arrow. The arrow barely misses the ufetubus.
The ufetubus barely misses you. The ufetubus closely misses you.
You shoot an arrow.
The arrow hits the ufetubus but does no damage.
The ufetubus is severely wounded.
The ufetubus barely misses you. x3; You furiously retaliate!
You headbutt the ufetubus.
You kill the ufetubus!
Okawaru accepts your kill.
You start resting.
HP restored.
Found a stone staircase leading down.
Enter note:
Enter note:
Enter note:
Enter note:
Enter note:
Enter note: A two-headed ogre and a sleepcap come into view.
The two-headed ogre shouts in stereo!
The sleepcap moves out of view.
Enter note:
Enter note:
Enter note:
Enter note:
Enter note:
Enter note:
3698 ||| INVOKING Heroism.
You gain the combat prowess of a mighty hero.
The two-headed ogre hits you with a +0 giant spiked club!!
The two-headed ogre closely misses you.
You shoot an arrow. The arrow hits the two-headed ogre!
The two-headed ogre is lightly wounded.
The two-headed ogre hits you with a +0 giant spiked club!!
The two-headed ogre hits you with a +0 giant club!
You die...

###### #######
######..@.#
...##.###.......#O#
##.##......######f#
##.##...#.........#
.#.##.#############
.#.##.#............
.#.##.#.###..########.
.#.##.................
....#>#.##.###........


You could see a two-headed ogre and a sleepcap.

Vanquished Creatures
  Edmund (D:4)
  A centaur (D:5)
  2 scorpions (D:4)
  3 hounds
  A sleepcap (D:5)
  An iguana (D:4)
  An orc wizard (D:5)
  3 adders
  An ufetubus (D:5)
  A worm (D:4)
  3 dart slugs
  3 orcs (D:5)
  3 endoplasms
  3 giant cockroaches
  16 hobgoblins
  4 quokkas
  3 ball pythons (D:2)
  5 bats
  3 frilled lizards
  8 goblins
  4 kobolds
  9 rats
79 creatures vanquished.

Notes
Turn   | Place    | Note
-------+----------+-------------------------------------------
     0 | D:1      | qw the Minotaur Hexslinger began the quest for the Orb.
     0 | D:1      | Reached XP level 1. HP: 16/16 MP: 1/1
     0 | D:1      | 0 ||| qw: Version: 0.3-a-51-g015441d
     0 | D:1      | 0 ||| qw: Game counter: 3903
     0 | D:1      | 0 ||| qw: Melee chars always use a shield: true
     0 | D:1      | 0 ||| qw: God list: Okawaru
     0 | D:1      | 0 ||| qw: Allow faded altars: false
     0 | D:1      | 0 ||| qw: Do Orc after clearing Dungeon:15 true
     0 | D:1      | 0 ||| qw: Do second Lair branch before Depths: true
     0 | D:1      | 0 ||| qw: Lair rune preference: random
     0 | D:1      | 0 ||| qw: Goals: Normal
     0 | D:1      | 0 ||| PLANNING D:1-11
   127 | D:1      | Reached skill level 3 in Ranged Weapons
   127 | D:1      | Reached XP level 2. HP: 21/23 MP: 2/2
   230 | D:1      | Found Meurphug's Jewellery Shop.
   237 | D:1      | 237 ||| SHOPLISTING +6 ring of strength (504 gold, have
                  | 37).
   237 | D:1      | 237 ||| SHOPLISTING amulet of the Blind Eye {Reflect rElec
                  | SH+5} (616 gold, have 37).
   237 | D:1      | 237 ||| SHOPLISTING amulet of the acrobat (420 gold, have
                  | 37).
   237 | D:1      | 237 ||| SHOPLISTING ring of Qoypnut {rF+ Int+4 Dex+3 Slay-5
                  | SInv} (317 gold, have 37).
   237 | D:1      | 237 ||| SHOPLISTING ring of ice (350 gold, have 37).
   237 | D:1      | 237 ||| SHOPLISTING ring of resist corrosion (280 gold,
                  | have 37).
   449 | D:1      | Reached XP level 3. HP: 29/29 MP: 3/3
   771 | D:1      | 771 ||| UPGRADING to +0 ring mail.
   781 | D:1      | 781 ||| DROPPING +0 robe.
   782 | D:1      | 782 ||| READING scroll labelled SONESE RAG.
   783 | D:1      | 783 ||| READING scroll labelled QIAHI KAOFRUISCHU.
   784 | D:1      | 784 ||| READING 2 scrolls labelled WICREO KIMELIA.
   785 | D:1      | 785 ||| DROPPING scroll of poison.
   860 | D:2      | Found a faded altar of an unknown god.
  1068 | D:2      | Reached skill level 4 in Ranged Weapons
  1228 | D:2      | Reached skill level 1 in Armour
  1409 | D:2      | 1409 ||| READING scroll labelled TOL OMPIFAD.
  1410 | D:2      | 1410 ||| READING 2 scrolls labelled XEHAL QAPLAMA.
  1411 | D:2      | 1411 ||| READING scroll of brand weapon.
  1411 | D:2      | 1411 ||| BRANDING +1 sling of electrocution.
  1412 | D:2      | 1412 ||| DRINKING 2 amethyst potions.
  1441 | D:2      | 1441 ||| READING 2 scrolls of identify.
  1441 | D:2      | 1441 ||| IDENTIFYING golden potion
  1442 | D:2      | 1442 ||| DROPPING potion of lignification.
  1601 | D:3      | Reached XP level 4. HP: 36/36 MP: 4/4
  1633 | D:3      | Found a transporter.
  1633 | D:3      | Found a transporter.
  1793 | D:3      | Found a shimmering altar of Xom.
  1794 | D:3      | Found a hazy altar of Hepliaklqana.
  1795 | D:3      | Noticed a spectral ugly thing
  1990 | D:3      | 1990 ||| UPGRADING to +1 pair of gloves.
  1995 | D:3      | 1995 ||| READING scroll labelled NURAEQELAS.
  1996 | D:3      | 1996 ||| READING scroll labelled MEALEO QIKU.
  2001 | D:3      | 2001 ||| READING scroll labelled HORRORAMURR.
  2002 | D:3      | 2002 ||| DRINKING 2 puce potions.
  2003 | D:3      | 2003 ||| READING 2 scrolls of identify.
  2003 | D:3      | 2003 ||| IDENTIFYING purple potion
  2004 | D:3      | 2004 ||| DROPPING potion of degeneration.
  2144 | D:4      | 2144 ||| READING scroll of brand weapon.
  2144 | D:4      | 2144 ||| BRANDING +1 sling of chaos.
  2180 | D:4      | Noticed a scorpion
  2181 | D:4      | Found an iron altar of Okawaru.
  2182 | D:4      | 2182 ||| PLANNING OKAWARU WORSHIP
  2196 | D:4      | HP: 9/36 [scorpion (1)]
  2197 | D:4      | 2197 ||| DRINKING potion of heal wounds.
  2198 | D:4      | Killed a scorpion
  2199 | D:4      | Reached skill level 5 in Ranged Weapons
  2199 | D:4      | Reached XP level 5. HP: 29/41 MP: 5/5
  2270 | D:4      | Became a worshipper of Warmaster Okawaru
  2271 | D:4      | 2271 ||| PLANNING D:1-11
  2398 | D:4      | Reached skill level 3 in Fighting
  2532 | D:4      | Noticed Edmund
  2558 | D:4      | Killed Edmund
  2559 | D:4      | Reached skill level 6 in Ranged Weapons
  2559 | D:4      | Reached XP level 6. HP: 24/51 MP: 6/6
  2947 | D:4      | Found a glowing golden altar of the Shining One.
  2947 | D:4      | Found a glowing silver altar of Zin.
  2947 | D:4      | Found a radiant altar of Vehumet.
  3227 | D:4      | 3227 ||| UPGRADING to ring of protection from cold.
  3228 | D:4      | 3228 ||| DRINKING 2 metallic grey potions.
  3229 | D:4      | 3229 ||| READING 2 scrolls of identify.
  3229 | D:4      | 3229 ||| IDENTIFYING viscous grey potion
  3230 | D:4      | 3230 ||| DROPPING potion of attraction.
  3248 | D:5      | Entered Level 5 of the Dungeon
  3252 | D:5      | Found a staircase to the Ecumenical Temple.
  3295 | D:5      | Reached * piety under Okawaru
  3485 | D:5      | Reached skill level 1 in Invocations
  3537 | D:5      | 3537 ||| INVOKING Heroism.
  3543 | D:5      | Reached skill level 7 in Ranged Weapons
  3548 | D:5      | Reached XP level 7. HP: 59/59 MP: 5/7
  3627 | D:5      | 3627 ||| SWAPPING to +0 shortbow.
  3628 | D:5      | 3628 ||| DROPPING +1 sling of freezing.
  3697 | D:5      | Noticed a two-headed ogre
  3698 | D:5      | 3698 ||| INVOKING Heroism.
  3699 | D:5      | HP: 12/59 [two-headed ogre/+0 giant spiked club (26)]
  3699 | D:5      | Slain by a two-headed ogre

Levels and vault maps discovered:
D:1:      kennysheep_arrival_seaside, layout_basic, serial_shops, shop
D:2:      cheibrodos_helix_gallery, layout_loops_ring,
          ebering_ecumenical_altar_webs, minmay_heptomino_d4
D:3:      gammafunk_steamed_eel, layout_loops_ring,
          regret_index_temple_of_mockery
D:4:      layout_basic, gammafunk_temple_overflow_claw, old_standard_altar,
          uniq_edmund
D:5:      layout_basic, minmay_temple_entry_tees

Skill      XL: |  1  2  3  4  5  6  7 |
---------------+----------------------+-----
Ranged Weapons | 3 4 5 6 7 |  7.2
Fighting       | 2 3 4 |  4.1
Armour         | 1 |  1.5
Invocations    | 1 2 |  2.1
Dodging        | |  2.1
Spellcasting   | |  1.0
Hexes          | |  2.0

Action                     |  1- 3 |  4- 6 |  7- 9 || total
---------------------------+-------+-------+-------++-------
  Melee: Unarmed           |       |    13 |       ||    13
   Fire: Sling             |   143 |   113 |    11 ||   267
         Shortbow          |       |       |    10 ||    10
 Invoke: Heroism           |       |     1 |     1 ||     2
    Use: Scroll            |     7 |     6 |       ||    13
         Potion            |     1 |     3 |       ||     4
   Stab: Confused          |       |     1 |       ||     1
 Armour: Robe              |     8 |       |       ||     8
         Ring mail         |     5 |    30 |    13 ||    48
  Dodge: Dodged            |    26 |    35 |    15 ||    76

Table legend:
 A = Non-vault XP
 B = Vault XP
 C = Vault XP percentage of total XP
 D = Non-vault monster count
 E = Vault monster count
 F = Vault count percentage of total count
                 A         B        C        D         E       F
            +---------+---------+-------+---------+---------+-------
      Total |     676 |     186 |  21.6 |      73 |       6 |   7.6
            +---------+---------+-------+---------+---------+-------
        D:1 |      50 |       0 |   0.0 |      29 |       0 |   0.0
        D:2 |      27 |       8 |  22.9 |      11 |       5 |  31.2
        D:3 |      14 |       0 |   0.0 |       8 |       0 |   0.0
        D:4 |     273 |     178 |  39.5 |      14 |       1 |   6.7
        D:5 |     312 |       0 |   0.0 |      11 |       0 |   0.0
            +---------+---------+-------+---------+---------+-------
